 Dungeon Crawl Stone Soup version 0.28.0-43-g3370ac3207 (webtiles) character file.

Game seed: 12399577514985211337

585 terff the Cudgeller (level 7, 0/55 HPs)
             Began as a Formicid Fighter on Mar 21, 2022.
             Was an Elder of Jiyva.
             Slain by a wyvern (10 damage)
             ... on level 5 of the Dungeon.
             The game lasted 00:08:03 (3093 turns).

terff the Cudgeller (Formicid Fighter)              Turns: 3093, Time: 00:08:04

Health: 0/55       AC:  7    Str: 23    XL:     7   Next: 64%
Magic:  7/7        EV: 11    Int:  7    God:    Jiyva [****..]
Gold:   82         SH:  4    Dex: 10    Spells: 6/6 levels left

rFire   . . .      SeeInvis +   a - +0 flail
rCold   . . .      Faith    .   c - +0 buckler
rNeg    . . .      Spirit   .   b - +0 scale mail
rPois   .          Reflect  .   (helmet unavailable)
rElec   .          Harm     .   (no cloak)
rCorr   +          Rampage  .   (no gloves)
Will    .....                   (no boots)
Stlth   +.........              (no amulet)
HPRegen 1.46/turn               (no ring)
MPRegen 0.50/turn               (no ring)

@: no status effects
A: permanent stasis, dig shafts and tunnels, antennae 3, four strong arms, wild
magic 1, sturdy frame 3
a: Dig, Shaft Self, Renounce Religion, Oozemancy, Slimify


You were on level 5 of the Dungeon.
You worshipped Jiyva.
Jiyva was greatly pleased with you.
You visited 2 branches of the dungeon, and saw 7 of its levels.

You collected 82 gold pieces.

Inventory:

Hand Weapons
 a - a +0 flail (weapon)
Armour
 b - a +0 scale mail (worn)
 c - a +0 buckler (worn)
 j - the +1 robe of Death Resistance {Dex+4}
   (You found it on level 4 of the Dungeon)

   Dex:       It affects your dexterity (+4).
Wands
 d - a wand of digging (4)
Scrolls
 g - a scroll of fear
 h - a scroll of magic mapping
 i - a scroll of vulnerability
Potions
 e - a potion of magic {unknown}
 f - a potion of attraction
 k - a potion of resistance {unknown}


   Skills:
 + Level 4.7 Fighting
 + Level 5.4 Maces & Flails
 + Level 4.8 Armour
 + Level 1.5 Dodging
 + Level 0.7 Stealth
 + Level 4.7 Shields


You had 6 spell levels left.
You didn't know any spells.
Your spell library contained the following spells:

 Spells                   Type           Power      Damage    Failure   Level
 Stone Arrow              Conj/Erth      0%         3d7       92%         3
 Tukima's Dance           Hex            0%         N/A       92%         3
 Anguish                  Hex/Necr       0%         N/A       100%        4
 Animate Armour           Summ/Erth      0%         N/A       100%        4
 Enfeeble                 Hex            0%         N/A       100%        7
 Lehudib's Crystal Spear  Conj/Erth      0%         10d2      100%        8


Dungeon Overview and Level Annotations

Branches:
Dungeon (6/15)             Temple (1/1) D:4

Altars:
Cheibriados
Qazlal
Ru
The Shining One
Jiyva


Innate Abilities, Weirdness & Mutations

You cannot be hasted, slowed, berserked, paralysed or teleported.
You can dig through walls and to a lower floor.
You have a pair of large antennae on your head. (SInv)
Your four strong arms can wield two-handed weapons with a shield.
Your spells are a little harder to cast, but a little more powerful.
Your movements are significantly less encumbered by armour. (ER -6)


Message History

You hit the wyvern but do no damage. The wyvern closely misses you.
You closely miss the wyvern. The wyvern misses you. The wyvern bites you.
You barely miss the wyvern. The wyvern bites you. The wyvern bites you!
You hit the wyvern.
The wyvern is lightly wounded.
You block the wyvern's attack.
You hear a distant slurping noise.
You barely miss the wyvern.
The wyvern is lightly wounded.
The wyvern bites you but does no damage.
The wyvern misses you.
You hit the wyvern but do no damage.
The wyvern is lightly wounded.
The wyvern bites you! You block the wyvern's attack.
You sock the wyvern!
The wyvern is heavily wounded.
The wyvern bites you but does no damage.
The wyvern bites you!
* * * LOW HITPOINT WARNING * * *
You closely miss the wyvern.
The wyvern is heavily wounded.
The wyvern closely misses you.
You sock the wyvern!
The wyvern is almost dead.
The wyvern closely misses you. You block the wyvern's attack.
You barely miss the wyvern.
The wyvern is almost dead.
The wyvern bites you but does no damage.
The wyvern closely misses you.
You hear a distant slurping noise.
You hit the wyvern.
The wyvern is almost dead.
The wyvern bites you.
* * * LOW HITPOINT WARNING * * *
Jiyva gurgles merrily.
You closely miss the wyvern.
The wyvern is almost dead.
The wyvern bites you but does no damage.
The wyvern bites you!
You die...

#.....# #.....# ### #.....# ###≈#
#.....# ####.#≈# #....l#
#....#≈## #.....# #.###.≈.##
##.....# #######J....≈..#
#....#.# #...........≈..#
#....####.###@#####....#≈#.#
♣...#######>.##l.≈≈≈≈....#≈#.#
l.. #..........≈.......###.#
#.###...####.....≈≈≈≈....###.#
≈.#... ####............J.....#
≈.....##<...#......#........####
. ..........J....#.#...##........
.......#......#....#.#.##........
≈..##..................##........


You could see a wyvern and 2 neutral jellies(fellow slime).

Vanquished Creatures
  Grinder (D:4)
  A necrophage (D:4)
  A scorpion (D:5)
  4 hounds
  An iguana (D:5)
  An orc wizard (D:4)
  A gnoll (D:4)
  2 adders
  A worm (D:2)
  3 dart slugs
  11 orcs
  3 giant cockroaches
  2 goblins
  2 hobgoblins
  4 jackals (D:4)
  A quokka (D:2)
  6 ball pythons
  A bat (D:1)
  A frilled lizard (D:2)
  A kobold (D:4)
  2 rats (D:1)
50 creatures vanquished.

Vanquished Creatures (others)
  A jelly (D:5)
  An iguana (D:5)
  An adder (D:2)
  An endoplasm (D:2)
  4 orcs
  A goblin (D:2)
  A hobgoblin (D:4)
  A kobold (D:4)
  2 ball pythons
  3 bats (D:2)
  3 frilled lizards (D:2)
  A rat (D:3)
20 creatures vanquished.

Grand Total: 70 creatures vanquished

Notes
Turn   | Place    | Note
-------+----------+-------------------------------------------
     0 | D:1      | terff the Formicid Fighter began the quest for the Orb.
     0 | D:1      | Reached XP level 1. HP: 18/18 MP: 1/1
   388 | D:1      | Reached XP level 2. HP: 24/24 MP: 2/2
   611 | D:1      | Found a faded altar of an unknown god.
   615 | D:1      | Prayed at the altar of an unknown god.
   615 | D:1      | Became a worshipper of Jiyva Jiptong the Shapeless
   615 | D:1      | Reached * piety under Jiyva
   979 | D:2      | Reached XP level 3. HP: 28/30 MP: 3/3
  1284 | D:2      | Reached ** piety under Jiyva
  1385 | D:3      | Found a sacrificial altar of Ru.
  2062 | D:4      | Reached XP level 4. HP: 16/37 MP: 4/4
  2095 | D:4      | Reached skill level 3 in Maces & Flails
  2095 | D:4      | Reached XP level 5. HP: 40/42 MP: 5/5
  2200 | D:4      | Reached *** piety under Jiyva
  2273 | D:4      | Gained mutation: Your movements are slightly less
                  | encumbered by armour. (ER -2) [Jiyva's grace]
  2273 | D:4      | Gained mutation: Your movements are less encumbered by
                  | armour. (ER -4) [Jiyva's grace]
  2273 | D:4      | Gained mutation: Your movements are significantly less
                  | encumbered by armour. (ER -6) [Jiyva's grace]
  2273 | D:4      | Gained mutation: Your spells are a little harder to cast,
                  | but a little more powerful. [Jiyva's grace]
  2309 | D:4      | Noticed Grinder
  2344 | D:4      | Killed Grinder
  2345 | D:4      | Reached skill level 4 in Maces & Flails
  2345 | D:4      | Reached skill level 1 in Dodging
  2345 | D:4      | Reached XP level 6. HP: 9/49 MP: 6/6
  2395 | D:4      | Noticed a necrophage
  2407 | D:4      | Killed a necrophage
  2408 | D:4      | Reached skill level 5 in Maces & Flails
  2408 | D:4      | Reached XP level 7. HP: 55/55 MP: 7/7
  2607 | D:4      | Found a staircase to the Ecumenical Temple.
  2617 | Temple   | Entered the Ecumenical Temple
  2731 | D:4      | Reached **** piety under Jiyva
  2739 | D:4      | Identified the +1 robe of Death Resistance {Dex+4}
  2828 | D:5      | Entered Level 5 of the Dungeon
  3002 | D:5      | Noticed a wyvern
  3025 | D:5      | HP: 1/55 [wyvern (9)]
  3093 | D:5      | Slain by a wyvern

Illustrated notes

Levels and vault maps discovered:
D:1:      matt_arrival_los_fun, layout_loops_ring,
          shapermc_ecumenical_altar_mp_vishouse
D:2:      layout_rooms, minmay_tetromino_o4
D:3:      layout_basic, nicolae_overflow_crystal_walls
D:4:      layout_basic, minmay_temple_entry_large_hall, cheibrodos_gnoll_hut,
          uniq_grinder
D:5:      layout_rooms, serial_rivers, chequers_serial_rivers_marsh,
          chequers_serial_rivers_room_a, chequers_serial_rivers_micro_a,
          chequers_serial_rivers_micro_d, uniq_edmund
D:6:      layout_basic, lemuel_mausoleum_altar_yredelemnul,
          mainiacjoe_overflow_surrounded_room, led_sif_book
Temple:   cyrus_circular_temple

Skill      XL: |  1  2  3  4  5  6 |
---------------+-------------------+-----
Shields        | 4 |  4.7
Armour         | 4 |  4.8
Fighting       | 4 |  4.7
Maces & Flails | 3 4 5 |  5.4
Dodging        | 1 |  1.5
Stealth        | |  0.7

Action                   |  1- 3 |  4- 6 |  7- 9 || total
-------------------------+-------+-------+-------++-------
Melee: Flail             |    57 |    79 |    61 ||   197
 Abil: Dig               |       |       |     1 ||     1
  Use: Scroll            |     5 |       |     2 ||     7
       Potion            |       |     1 |       ||     1
Armor: Scale mail        |    35 |    55 |    23 ||   113
Dodge: Dodged            |    31 |    60 |    40 ||   131
Block: Buckler           |    12 |    28 |    17 ||    57
